 Dungeon Crawl Stone Soup version 0.29.0-4-gdea44cf6ec (webtiles) character file.

Game seed: 16048879419353010999

5 qw the Chopper (level 1, 0/12 HPs)
             Began as a Tengu Warper on Aug 28, 2022.
             Slain by a hobgoblin (3 damage)
             ... on level 1 of the Dungeon.
             The game lasted 00:00:00 (17 turns).

qw the Chopper (Tengu Warper)                         Turns: 17, Time: 00:00:00

Health: 0/12       AC:  3    Str: 11    XL:     1   Next: 80%
Magic:  4/4        EV: 11    Int: 13    God:
Gold:   0          SH:  0    Dex: 13    Spells: 4/4 levels left

rFire   . . .      SeeInvis .   a - +0 hand axe
rCold   . . .      Faith    .   (no shield)
rNeg    . . .      Spirit   .   b - +0 leather armour
rPois   .          Reflect  .   (helmet restricted)
rElec   .          Harm     .   (no cloak)
rCorr   .          Rampage  .   (no gloves)
Will    .....                   (boots unavailable)
Stlth   +.........              (no amulet)
HPRegen 0.04/turn               (no ring)
MPRegen 0.09/turn               (no ring)

@: no status effects
A: beak, talons 3
a: no special abilities


You were on level 1 of the Dungeon.
You visited 1 branch of the dungeon, and saw 1 of its levels.


Innate Abilities, Weirdness & Mutations

You have a beak for a mouth.
You have claws for feet.


   Skills:
 - Level 2.0 Fighting
 + Level 2.8 Axes
 - Level 1.0 Throwing
 - Level 1.1 Armour
 - Level 2.1 Dodging
 - Level 2.0 Spellcasting
 - Level 2.4 Translocations


You had 4 spell levels left.
You didn't know any spells.
Your spell library contained the following spells:

 Spells                   Type           Power      Damage    Failure   Level
 Blink                    Tloc           14%        N/A       19%         2
 Gell's Gravitas          Tloc           7%         N/A       36%         3
 Lesser Beckoning         Tloc           7%         N/A       36%         3
 Teleport Other           Tloc           7%         N/A       36%         3
 Manifold Assault         Tloc           7%         N/A       98%         5

Inventory:

Hand Weapons
 a - a +0 hand axe (weapon)
Missiles
 d - 6 boomerangs of dispersal (quivered)
Armour
 b - a +0 leather armour (worn)
Scrolls
 c - a scroll of blinking

Dungeon Overview and Level Annotations

Branches:
Dungeon (1/15)

Altars:


Message History

The jackal barks!
You hit the jackal.
You kill the jackal!
A hobgoblin comes into view.
A jackal comes into view.
The jackal barks!
You hit the jackal. You claw the jackal, but do no damage.
The jackal is severely wounded.
The jackal bites you. The jackal barely misses you.
You hit the jackal.
You kill the jackal!
You barely miss the jackal.
The jackal bites you but does no damage.
The jackal barely misses you.
You hit the jackal. You claw the jackal.
The jackal is moderately wounded.
The jackal bites you but does no damage.
You hit the jackal. Your kick misses the jackal.
The jackal is heavily wounded.
The jackal barely misses you. The jackal misses you. The jackal bites you.
You barely miss the jackal. Your kick misses the jackal.
The jackal is heavily wounded.
You hit the jackal. The jackal bites you. The jackal barely misses you. x2
The jackal closely misses you.
You hit the jackal.
You kill the jackal!
You closely miss the jackal. You barely miss the hobgoblin.
The jackal bites you but does no damage.
The hobgoblin hits you but does no damage.
You hit the jackal.
You kill the jackal!
You hit the hobgoblin but do no damage. The hobgoblin hits you.
You closely miss the hobgoblin. Your kick misses the hobgoblin.
The hobgoblin hits you.
You hit the hobgoblin.
The hobgoblin is severely wounded.
The hobgoblin hits you.
You die...

#+#+## #....#
#.<..#
######'###+####
#.............#
.........@.....#
#.......g!%....#
#..............#
...............#
.>.............#
........)...?..#
..............#
#####........#


You could see a hobgoblin.

Vanquished Creatures
  4 jackals (D:1)
4 creatures vanquished.

Notes
Turn   | Place    | Note
-------+----------+-------------------------------------------
     0 | D:1      | qw the Tengu Warper began the quest for the Orb.
     0 | D:1      | Reached XP level 1. HP: 12/12 MP: 4/4
     0 | D:1      | 0 ||| qw: Version: 0.1-a-89-g26bdef1
     0 | D:1      | 0 ||| qw: Game counter: 85
     0 | D:1      | 0 ||| qw: Always use a shield: true
     0 | D:1      | 0 ||| qw: God list: Okawaru
     0 | D:1      | 0 ||| qw: Allow faded altars: false
     0 | D:1      | 0 ||| qw: Do Orc after D:15 true
     0 | D:1      | 0 ||| qw: Do second Lair branch before Depths: true
     0 | D:1      | 0 ||| qw: Lair rune preference: random
     0 | D:1      | 0 ||| qw: Plans: Normal
     0 | D:1      | 0 ||| PLANNING D:1-11
    16 | D:1      | HP: 3/12 [hobgoblin (2)]
    17 | D:1      | Slain by a hobgoblin

Levels and vault maps discovered:
D:1:      dpeg_arrival_ratfight, layout_basic, columned_hall_lemuel,
          minmay_misc_feat_hallway

Action                   || total
-------------------------++-------
Melee: Hand axe          ||    10
       Kick              ||     2
Throw: Boomerang         ||     1
Armor: Leather armour    ||     4
Dodge: Dodged            ||     7

Table legend:
 A = Non-vault XP
 B = Vault XP
 C = Vault XP percentage of total XP
 D = Non-vault monster count
 E = Vault monster count
 F = Vault count percentage of total count
                 A         B        C        D         E       F
            +---------+---------+-------+---------+---------+-------
      Total |       8 |       0 |   0.0 |       4 |       0 |   0.0
            +---------+---------+-------+---------+---------+-------
        D:1 |       8 |       0 |   0.0 |       4 |       0 |   0.0
            +---------+---------+-------+---------+---------+-------
